 Dungeon Crawl Stone Soup version 0.30-a0-586-g23e55c9e0a (webtiles) character file.

Game seed: 7934871402479149434

667 Dirtsage the Slasher (level 7, -12/53 HPs)
             Began as a Demonspawn Monk on Jan 3, 2023.
             Killed from afar by an acid dragon (34 damage)
             ... with a splash of acid
             ... on level 5 of the Dungeon.
             The game lasted 00:07:50 (3418 turns).

Dirtsage the Slasher (Demonspawn Monk)              Turns: 3418, Time: 00:07:51

Health: -12/53     AC:  5    Str: 11    XL:     7   Next: 31%
Magic:  7/7        EV: 16    Int: 11    God:
Gold:   187        SH:  0    Dex: 18    Spells: 6/6 levels left

rFire   . . .      SeeInvis .    a - +0 falchion
rCold   . . .      Faith    .    (no shield)
rNeg    . . .      Spirit   .    y - +0 leather armour
rPois   .          Reflect  .    l - +0 helmet
rElec   .          Harm     .    (no cloak)
rCorr   .          Rampage  .    (no gloves)
Will    .....                    n - +0 pair of boots
Stlth   ++                       (no amulet)
HPRegen 0.28/turn                (no ring)
MPRegen 0.10/turn                (no ring)

@: no status effects
A: repulsion field 2, spiny 2
a: no special abilities


You were on level 5 of the Dungeon.
You visited 1 branch of the dungeon, and saw 5 of its levels.

You collected 187 gold pieces.

Inventory:

Hand Weapons
 a - a +0 falchion (weapon)
 c - a +0 short sword of venom
 g - a +1 dagger of venom
Missiles
 f - 2 atropa-tipped darts (quivered)
Armour
 b - a +0 robe
 l - a +0 helmet (worn)
 n - a +0 pair of boots (worn)
 y - a +0 leather armour (worn)
Jewellery
 v - a ring of fire
Wands
 x - a wand of light (6)
Scrolls
 d - 4 scrolls of teleportation {unknown}
 h - a scroll of magic mapping {unknown}
 j - 2 scrolls of fog {unknown}
 m - a scroll of enchant armour {unknown}
 r - 4 scrolls of identify {unknown}
 t - 2 scrolls of noise {unknown}
 u - a scroll of amnesia {unknown}
 w - a scroll of blinking {unknown}
 z - a scroll of brand weapon {unknown}
Potions
 e - a potion of lignification {unknown}
 i - a potion of mutation {unknown}
 k - a potion of magic {unknown}
 o - a potion of might {unknown}
 p - a potion of resistance {unknown}
 q - 2 potions of attraction {unknown}
 s - a potion of cancellation {unknown}
 A - a potion of haste {unknown}


   Skills:
 + Level 3.9 Fighting
 * Level 6.6 Long Blades
 + Level 2.1 Armour
 + Level 3.6 Dodging
 - Level 1.7 Stealth


You had 6 spell levels left.
You didn't know any spells.
Your spell library contained the following spells:

 Spells                   Type           Power      Damage    Failure   Level
 Slow                     Hex            0%         N/A       43%         1
 Confusing Touch          Hex            0%         N/A       80%         3
 Vampiric Draining        Necr           0%         2d6       80%         3
 Manifold Assault         Tloc           0%         N/A       99%         4
 Dispersal                Tloc           0%         N/A       100%        6
 Disjunction              Tloc           0%         N/A       100%        8


Dungeon Overview and Level Annotations

Branches:
Dungeon (5/15)
 Temple: D:4-7

Altars:

Shops:
D:3 =


Innate Abilities, Weirdness & Mutations

You are surrounded by a moderate repulsion field. (EV +3)
You are mostly covered in sharp spines.


Message History

You hit the acid dragon.
The acid dragon is moderately wounded.
The acid dragon bites you but does no damage.
The acid dragon claws you but does no damage.
You hit the acid dragon.
The acid dragon is moderately wounded.
The acid dragon is struck by your spines.
The acid dragon closely misses you. The acid dragon claws you.
You take 4 damage, and have 40/53 hp.
You hit the acid dragon but do no damage.
The acid dragon is severely wounded.
The acid dragon bites you. The acid dragon completely misses you.
You take 5 damage, and have 35/53 hp.
You closely miss the acid dragon.
The acid dragon is severely wounded.
The acid dragon bites you. The acid dragon claws you.
You take 8 damage, and have 27/53 hp.
You completely miss the acid dragon.
The acid dragon is severely wounded.
The acid dragon barely misses you. The acid dragon claws you.
You take 1 damage, and have 26/53 hp.
You hit the acid dragon but do no damage.
The acid dragon is severely wounded.
The acid dragon spits acid at you. The splash of acid misses you.
You hit the acid dragon.
The acid dragon is severely wounded.
The acid dragon barely misses you. The acid dragon claws you.
You take 5 damage, and have 21/53 hp.
You barely miss the acid dragon.
The acid dragon is severely wounded.
An adder comes into view.
The acid dragon is struck by your spines.
The acid dragon barely misses you. x2
You closely miss the acid dragon.
The acid dragon is almost dead.
The acid dragon spits acid at you. The splash of acid hits you!!
Ouch! That really hurt!
You die...

### ...## ...
....#####
####.##........
............#
#.....#
.....##..#
.###. #..# .#..
#?.# #
.....#@†##.#
.....#D...$#
........####
...###..# .
#..# #S.#
#..#####..
#........#
#..#####..


You could see an acid dragon (catching breath) and an adder.

Vanquished Creatures
  Edmund (D:4)
  An ogre (D:4)
  A necrophage (D:4)
  A scorpion (D:5)
  A howler monkey (D:5)
  A hound (D:5)
  A jelly (D:4)
  An iguana (D:4)
  Natasha (thrice) (D:2)
  Robin (D:2)
  3 adders
  A shadow imp (D:4)
  A worm (D:2)
  3 dart slugs
  2 orcs (D:4)
  4 endoplasms
  A giant cockroach (D:1)
  17 goblins
  10 hobgoblins
  8 jackals
  8 kobolds
  4 quokkas
  6 ball pythons
  5 bats
  3 frilled lizards
  4 rats
92 creatures vanquished.

Notes
Turn   | Place    | Note
-------+----------+-------------------------------------------
     0 | D:1      | Dirtsage the Demonspawn Monk began the quest for the Orb.
     0 | D:1      | Reached XP level 1. HP: 18/18 MP: 1/1
    84 | D:1      | Reached skill level 3 in Long Blades
   179 | D:1      | Gained mutation: You are surrounded by a mild repulsion
                  | field. (EV +2) [demonic ancestry]
   179 | D:1      | Reached XP level 2. HP: 24/24 MP: 2/2
   616 | D:2      | Noticed Natasha
   633 | D:2      | Killed Natasha
   634 | D:2      | Reached skill level 4 in Long Blades
   634 | D:2      | Gained mutation: You are surrounded by a moderate repulsion
                  | field. (EV +3) [demonic ancestry]
   634 | D:2      | Reached XP level 3. HP: 11/29 MP: 3/3
   826 | D:2      | Noticed Natasha
   834 | D:2      | Killed Natasha
   835 | D:2      | Reached XP level 4. HP: 34/35 MP: 4/4
   870 | D:2      | Noticed Robin
   890 | D:2      | Killed Robin
   891 | D:2      | Reached skill level 5 in Long Blades
  1081 | D:2      | Gained mutation: You are partially covered in sharp spines.
                  | [demonic ancestry]
  1081 | D:2      | Reached XP level 5. HP: 39/41 MP: 5/5
  1139 | D:2      | Noticed Natasha
  1146 | D:2      | Killed Natasha
  1440 | D:3      | Found Nypnik's Jewellery Shoppe.
  2437 | D:4      | Noticed an ogre
  2451 | D:4      | Killed an ogre
  2452 | D:4      | Gained mutation: You are mostly covered in sharp spines.
                  | [demonic ancestry]
  2452 | D:4      | Reached XP level 6. HP: 10/47 MP: 6/6
  2745 | D:4      | Reached skill level 1 in Armour
  2972 | D:4      | Noticed Edmund
  2984 | D:4      | Reached skill level 6 in Long Blades
  3239 | D:4      | Killed Edmund
  3240 | D:4      | Reached XP level 7. HP: 53/53 MP: 7/7
  3338 | D:5      | Entered Level 5 of the Dungeon
  3418 | D:5      | Killed from afar by an acid dragon

Illustrated notes

Levels and vault maps discovered:
D:1:      scummos_arrival_simple_fountains, layout_rooms, minmay_misc_feat_roman
D:2:      layout_basic, uniq_robin, uniq_natasha
D:3:      layout_basic, serial_shops, shop, kennysheep_generic_room_4
D:4:      layout_cave_pods, uniq_edmund
D:5:      layout_loops_ring, mainiacjoe_overflow_boulevard

Skill      XL: |  1  2  3  4  5  6  7 |
---------------+----------------------+-----
Long Blades    | 3 4 5 6 |  6.6
Armour         | 1 2 |  2.1
Dodging        | 3 |  3.6
Fighting       | |  3.9
Stealth        | |  1.7

Action                   |  1- 3 |  4- 6 |  7- 9 || total
-------------------------+-------+-------+-------++-------
Melee: Falchion          |    19 |    21 |    29 ||    69
       Dagger            |    57 |       |       ||    57
       Punch             |     3 |     3 |       ||     6
       Short sword       |    27 |   111 |       ||   138
Evoke: Wand              |       |     2 |       ||     2
  Use: Potion            |     2 |       |       ||     2
 Stab: Sleeping          |     4 |     6 |     2 ||    12
       Invisible         |       |     2 |       ||     2
Armor: Robe              |    13 |    11 |       ||    24
       Leather armour    |       |       |     6 ||     6
Dodge: Dodged            |    68 |    64 |    22 ||   154

Table legend: (Time is in decaauts)
 A = Elapsed time spent in this place.
 B = Non-inter-level travel time spent in this place.
 C = Inter-level travel time spent in this place.
 D = Time resting spent in this place.
 E = Time spent auto-exploring this place.
 F = Levels seen in this place.
 G = Mean time per level.
                   A        B        C        D        E       F      G
               +--------+--------+--------+--------+--------+-----+--------+
         Total |   3404 |   3302 |    102 |    136 |   2475 |   5 |  680.8 |
       Dungeon |   3404 |   3302 |    102 |    136 |   2475 |   5 |  680.8 |
               +--------+--------+--------+--------+--------+-----+--------+

Top non-repeatable levels by time:
     D:3: 953 daAuts
     D:4: 951 daAuts
     D:2: 812 daAuts
     D:1: 608 daAuts
     D:5: 79 daAuts
